 Dungeon Crawl Stone Soup version 0.28.0 (webtiles) character file.

Game seed: 1136404070887670857

226 themarg the Slasher (level 5, -1/48 HPs)
             Began as a Minotaur Monk on Feb 6, 2022.
             Was a Believer of Qazlal.
             Slain by a water moccasin skeleton (4 damage)
             ... on level 5 of the Dungeon.
             The game lasted 00:26:03 (3552 turns).

themarg the Slasher (Minotaur Monk)                 Turns: 3552, Time: 00:26:03

Health: -1/48      AC:  4    Str: 16    XL:     5   Next: 69%
Magic:  4/4        EV: 13    Int:  7    God:    Qazlal [**....]
Gold:   276        SH:  2    Dex: 14    Spells: 4/4 levels left

rFire   . . .      SeeInvis .   u - staff of death
rCold   . . .      Faith    .   (no shield)
rNeg    + . .      Spirit   .   k - +0 leather armour
rPois   .          Reflect  .   (helmet restricted)
rElec   .          Harm     .   (no cloak)
rCorr   .          Rampage  .   t - +0 pair of gloves
Will    .....                   (no boots)
Stlth   ++........              (no amulet)
HPRegen 0.16/turn               (no ring)
MPRegen 0.09/turn               (no ring)

@: no status effects
A: horns 2, retaliatory headbutt
a: Renounce Religion, Upheaval


You were on level 5 of the Dungeon.
You worshipped Qazlal.
Qazlal was pleased with you.
You visited 1 branch of the dungeon, and saw 5 of its levels.

You collected 276 gold pieces.

Inventory:

Hand Weapons
 a - a +0 falchion
 v - a +0 whip of electrocution
Armour
 b - a +0 robe
 i - a +0 robe of cold resistance
 k - a +0 leather armour (worn)
 t - a +0 pair of gloves (worn)
Magical Staves
 u - a staff of death (weapon)
Scrolls
 c - 3 scrolls of noise {unknown}
 d - 6 scrolls of identify {unknown}
 j - a scroll of enchant armour {unknown}
 l - 4 scrolls of enchant weapon {unknown}
 s - a scroll of torment {unknown}
Potions
 f - a potion of magic {unknown}
 g - a potion of attraction {unknown}
 h - 3 potions of degeneration {unknown}
 m - a potion of heal wounds {unknown}
 n - a potion of berserk rage {unknown}
 o - a potion of might {unknown}
 p - a potion of brilliance {unknown}
 q - 3 potions of lignification {unknown}
 r - 2 potions of cancellation {unknown}


   Skills:
 + Level 5.0 Fighting
 + Level 5.4 Long Blades
 + Level 0.1 Staves
 + Level 1.2 Armour
 + Level 4.5 Dodging
 + Level 2.1 Stealth


You had 4 spell levels left.
You didn't know any spells.
Your spell library contained the following spells:

 Spells                   Type           Power      Damage    Failure   Level
 Foxfire                  Conj/Fire      0%         2x1d4     50%         1
 Conjure Flame            Conj/Fire      0%         6-21      86%         3
 Inner Flame              Hex/Fire       0%         N/A       86%         3
 Flame Wave               Conj/Fire      0%         2d4       99%         4


Dungeon Overview and Level Annotations

Branches:
Dungeon (5/15)
 Temple: D:4-7

Altars:
Elyvilon
Makhleb
Qazlal
Trog

Shops:
D:3 *

Annotations:
D:4 Menkaure


Innate Abilities, Weirdness & Mutations

You have a pair of horns on your head.
You reflexively headbutt those who attack you in melee.


Message History

You punch the orc wizard, but do no damage.
The orc wizard is almost dead.
The orc wizard hits you with a +0 dagger.
* * * LOW HITPOINT WARNING * * *
The orc wizard casts a spell at you. You resist with some effort.
You hit the orc wizard.
You kill the orc wizard!
Qazlal accepts your kill.
You hit the water moccasin skeleton but do no damage.
The water moccasin skeleton bites you.
* * * LOW HITPOINT WARNING * * *
The water moccasin skeleton bites you.
* * * LOW HITPOINT WARNING * * *
The water moccasin skeleton bites you.
* * * LOW HITPOINT WARNING * * *
The water moccasin skeleton closely misses you.
The water moccasin skeleton bites you but does no damage.
The water moccasin skeleton closely misses you.
The water moccasin skeleton bites you.
* * * LOW HITPOINT WARNING * * *
You hit the water moccasin skeleton.
You headbutt the water moccasin skeleton!
The water moccasin skeleton is heavily damaged.
The water moccasin skeleton bites you but does no damage.
You hit the water moccasin skeleton.
The water moccasin skeleton is heavily damaged.
The water moccasin skeleton closely misses you.
You furiously retaliate!
You headbutt the water moccasin skeleton.
The water moccasin skeleton closely misses you.
You furiously retaliate!
You headbutt the water moccasin skeleton!
You closely miss the water moccasin skeleton.
The water moccasin skeleton is almost destroyed.
The water moccasin skeleton bites you.
* * * LOW HITPOINT WARNING * * *
The water moccasin skeleton bites you but does no damage.
The water moccasin skeleton bites you.
You die...

###.. ..# ###...#
#.###### .....#
#.##...# #...#
#..)...# #..#
#.##...#
#..#####.###.####
#.......#......#
#.#####.#.#....#
#.Z@....#o#....#
#########Z#....#
#.##.#.# #....).#
####...# ###.#
#)# #.# #.#


You could see a water moccasin skeleton.

Vanquished Creatures
  A jelly (D:5)
  An orc wizard (D:5)
  8 gnolls (D:4)
  2 worms
  A dart slug (D:1)
  6 orcs
  4 bats
  8 endoplasms
  4 giant cockroaches
  16 goblins
  7 hobgoblins
  4 jackals (D:4)
  4 kobolds
  4 ball pythons
  7 frilled lizards
  2 rats
79 creatures vanquished.

Vanquished Creatures (others)
  8 fungi (D:4)
  2 toadstools (D:4)
10 creatures vanquished.

Grand Total: 89 creatures vanquished

Notes
Turn   | Place    | Note
-------+----------+-------------------------------------------
     0 | D:1      | themarg the Minotaur Monk began the quest for the Orb.
     0 | D:1      | Reached XP level 1. HP: 19/19 MP: 0/0
    23 | D:1      | You fall into a shaft and drop 1 floor!
   264 | D:2      | Reached XP level 2. HP: 21/27 MP: 1/1
   805 | D:1      | Reached XP level 3. HP: 29/33 MP: 2/2
  1487 | D:3      | Found a white marble altar of Elyvilon.
  1488 | D:3      | Found a bloodstained altar of Trog.
  1673 | D:3      | Found Gumnuesi's Assorted Antiques.
  1843 | D:3      | Reached XP level 4. HP: 41/41 MP: 3/3
  2301 | D:4      | Reached skill level 5 in Long Blades
  2301 | D:4      | Reached skill level 1 in Armour
  2560 | D:4      | Found a stormy altar of Qazlal.
  2717 | D:4      | Became a worshipper of Qazlal Stormbringer
  2717 | D:4      | Reached * piety under Qazlal
  2717 | D:4      | Reached ** piety under Qazlal
  2767 | D:4      | Noticed Menkaure
  2827 | D:4      | Reached XP level 5. HP: 33/47 MP: 4/4
  3360 | D:4      | Found a burning altar of Makhleb.
  3407 | D:5      | Entered Level 5 of the Dungeon
  3419 | D:5      | Reached skill level 5 in Fighting
  3544 | D:5      | HP: 1/48 [water moccasin skeleton (3)]
  3552 | D:5      | Slain by a water moccasin skeleton

Illustrated notes

Levels and vault maps discovered:
D:1:      minmay_arrival_hallway, layout_loops_ring
D:2:      layout_rooms
D:3:      kennysheep_the_goblin_king, layout_basic,
          mainiacjoe_overflow_divided_tiny, serial_shops, shop,
          minmay_misc_feat_roman
D:4:      layout_basic, mainiacjoe_overflow_six_doors_small, bloody_makhleb,
          mainiacjoe_overflow_brackets, minmay_gold_behind_fungi, minivault_24,
          roderic_lattice_a, hangedman_abyss_or_decor_passed,
          serial_bayou_lake_a, uniq_menkaure
D:5:      layout_loops_cross, lemuel_crystal_altar, kennysheep_mini,
          grunt_temple_overflow_open, minmay_temple_entry_statues_pillars,
          kennysheep_generic_room_9

Skill      XL: |  1  2  3  4  5 |
---------------+----------------+-----
Fighting       | 4 5 |  5.0
Long Blades    | 4 5 |  5.4
Armour         | 1 |  1.2
Dodging        | 4 |  4.5
Stealth        | 2 |  2.1
Staves         | |  0.1

Action                   |  1- 3 |  4- 6 || total
-------------------------+-------+-------++-------
Melee: Falchion          |    93 |    41 ||   134
       Headbutt          |     8 |    21 ||    29
       Staff             |       |    43 ||    43
       Punch             |       |     1 ||     1
Invok: Upheaval          |       |     1 ||     1
  Use: Potion            |       |     2 ||     2
 Stab: Sleeping          |     3 |     1 ||     4
Armor: Robe              |    15 |     3 ||    18
       Leather armour    |     1 |    14 ||    15
Dodge: Dodged            |    57 |    48 ||   105
Block: Other             |       |     4 ||     4
